 Dungeon Crawl Stone Soup version 0.28.0 (webtiles) character file.

Game seed: 2118614094980473114

73 MacCMillion the Covered (level 4, 41/41 HPs)
             Began as a Minotaur Fighter on Feb 7, 2022.
             Was a Follower of Cheibriados.
             Quit the game on level 3 of the Dungeon.
             The game lasted 00:03:08 (2425 turns).

MacCMillion the Covered (Minotaur Fighter)          Turns: 2425, Time: 00:03:09

Health: 41/41      AC:  8    Str: 25    XL:     4   Next: 8%
Magic:  3/3        EV:  9    Int:  7    God:    Cheibriados [*.....]
Gold:   179        SH:  4    Dex: 11    Spells: 3/3 levels left

rFire   . . .      SeeInvis .   a - +0 war axe
rCold   . . .      Faith    .   c - +0 buckler
rNeg    . . .      Spirit   .   b - +0 scale mail
rPois   .          Reflect  .   (helmet restricted)
rElec   .          Harm     .   l - +0 cloak
rCorr   .          Rampage  .   (no gloves)
Will    .....                   (no boots)
Stlth   ..........              (no amulet)
HPRegen 0.13/turn               (no ring)
MPRegen 0.08/turn               (no ring)

@: very slow
A: horns 2, retaliatory headbutt
a: Renounce Religion, Bend Time


You were on level 3 of the Dungeon.
You worshipped Cheibriados.
Cheibriados was aware of your devotion.
You visited 1 branch of the dungeon, and saw 3 of its levels.

You collected 179 gold pieces.

Inventory:

Hand Weapons
 a - a +0 war axe (weapon)
 s - a +0 hand axe of freezing
Missiles
 r - 6 poisoned darts (quivered)
Armour
 b - a +0 scale mail (worn)
 c - a +0 buckler (worn)
 l - a +0 cloak (worn)
Jewellery
 g - a ring of positive energy
 p - the ring of Haganar {EV+4 Int+3}
   (You found it on level 3 of the Dungeon)

   [ring of evasion]

   EV:        It affects your evasion (+4).
   Int:       It affects your intelligence (+3).
Wands
 j - a wand of paralysis (10)
Scrolls
 e - 2 scrolls of identify {unknown}
 f - 4 scrolls of amnesia {unknown}
 i - a scroll of magic mapping {unknown}
 k - a scroll of holy word {unknown}
 n - a scroll of enchant armour {unknown}
Potions
 d - a potion of might
 h - a potion of berserk rage {unknown}
 m - 3 potions of curing {unknown}
 o - a potion of flight {unknown}
 q - a potion of mutation {unknown}


   Skills:
 + Level 4.3 Fighting
 + Level 3.4 Axes
 + Level 4.3 Armour
 - Level 4.0 Shields
 + Level 0.8 Evocations


You had 3 spell levels left.
You didn't know any spells.
Your spell library contained the following spells:

 Spells                   Type           Power      Damage    Failure   Level
 Scorch                   Fire           0%         2d5       91%         2
 Call Canine Familiar     Summ           0%         N/A       99%         3
 Confusing Touch          Hex            0%         N/A       99%         3
 Portal Projectile        Hex/Tloc       0%         N/A       99%         3
 Flame Wave               Conj/Fire      0%         2d4       100%        4
 Leda's Liquefaction      Hex/Erth       0%         N/A       100%        4
 Yara's Violent Unravell  Hex/Tmut       0%         3d3       100%        5
 Summon Cactus Giant      Summ           0%         N/A       100%        6
 Enfeeble                 Hex            0%         N/A       100%        7


Dungeon Overview and Level Annotations

Branches:
Dungeon (3/15)

Altars:
Cheibriados


Innate Abilities, Weirdness & Mutations

You have a pair of horns on your head.
You reflexively headbutt those who attack you in melee.


Message History

No target in view!
An orc comes into view.
It is wielding a +0 hand axe of freezing.
An orc is nearby!
The orc barely misses you.
You barely miss the orc. You headbutt the orc!
You kill the orc!
No target in view!
No target in view!
A bat comes into view.
Things that are here:
a +0 hand axe of freezing; a +0 chain mail A bat is nearby!
The bat hits you but does no damage.
You slash the bat!
You kill the bat!
No target in view!
No target in view!
r - 6 poisoned darts A quokka comes into view.
A quokka is nearby!
You barely miss the quokka. The quokka bites you.
The quokka bites you but does no damage.
You slash the quokka!
You kill the quokka!
You see here a quokka corpse.
Things that are here:
a +0 hand axe of freezing; a +0 chain mail
s - a +0 hand axe of freezing
Found a faded altar of an unknown god.
There is a faded altar of an unknown god here.
As you open the door, it creaks loudly!
There is a faded altar of an unknown god here.
You cannot tell which god this altar belongs to.
Convert to them anyway?
Cheibriados accepts your prayer! Cheibriados welcomes you!
Cheibriados begins to support your attributes as your movement slows.
Cheibriados is now slowing the effects of poison on you.
You can now bend time to slow others.
Cheibriados raises the support of your attributes as your movement slows.
Are you sure you want to abandon this character and quit the game? (Confirm with "yes".)

###################
.........#........#####
.#######.#............#
.#######.#..♣♣♣.♣.♣...#
.>..........♣♣♣♣♣.♣♣♣.###
..###.#..###♣♣._♣♣♣♣♣...#### ##
..###.#..###♣.♣.♣..♣.♣.....#####.
............♣♣♣♣@♣♣♣♣♣♣.........(
.........##.♣♣♣.♣♣.♣ ♣.....#####.
.........##.♣♣.♣♣♣.♣♣♣♣.#### #.
.##.#.#..##.♣♣♣...♣.....# #####.
......#..###.♣♣♣♣♣♣.♣♣..# #.....
.##.#.#..##...♣..♣.♣♣...####.####
.##.#.#..###.♣.♣...........#'####
.##.#.#..# #............##......#
......#..# #.#...###.#..##......#


There were no monsters in sight!

Vanquished Creatures
  2 adders
  A dart slug (D:3)
  3 orcs
  4 bats
  5 endoplasms
  2 giant cockroaches
  4 goblins
  3 hobgoblins
  3 jackals (D:3)
  3 quokkas
  A ball python (D:1)
  2 frilled lizards (D:1)
  8 kobolds
  6 rats
47 creatures vanquished.

Notes
Turn   | Place    | Note
-------+----------+-------------------------------------------
     0 | D:1      | MacCMillion the Minotaur Fighter began the quest for the
                  | Orb.
     0 | D:1      | Reached XP level 1. HP: 19/19 MP: 0/0
   266 | D:1      | Reached XP level 2. HP: 27/27 MP: 1/1
  1216 | D:2      | Reached XP level 3. HP: 25/33 MP: 2/2
  1993 | D:3      | Identified the ring of Haganar {EV+4 Int+3}
  2105 | D:3      | Reached XP level 4. HP: 36/40 MP: 3/3
  2383 | D:3      | Found a faded altar of an unknown god.
  2422 | D:3      | Prayed at the altar of an unknown god.
  2422 | D:3      | Became a worshipper of Cheibriados the Contemplative
  2422 | D:3      | Reached * piety under Cheibriados
  2425 | D:3      | Quit the game

Illustrated notes

Levels and vault maps discovered:
D:1:      sevenhm_arrival_forest_fort_large_4, layout_basic
D:2:      layout_loops_ring, minmay_circled_x
D:3:      layout_basic, chequers_ecumenical_altar_grove

Skill      XL: |  1  2 |
---------------+-------+-----
Armour         | 4 |  4.3
Shields        | 4 |  4.0
Fighting       | 4 |  4.3
Axes           | 3 |  3.4
Evocations     | |  0.8

Action                   |  1- 3 |  4- 6 || total
-------------------------+-------+-------++-------
Melee: War axe           |    88 |     4 ||    92
       Headbutt          |    13 |     1 ||    14
Armor: Scale mail        |    47 |     2 ||    49
Dodge: Dodged            |    32 |     1 ||    33
Block: Buckler           |    16 |       ||    16
